 Dungeon Crawl Stone Soup version 0.29-a0-617-g7a6b98fccd (webtiles) character file.

Game seed: 10253421953225431697

70 emperorscorpion the Chopper (level 4, -1/40 HPs)
             Began as a Meteoran Berserker on June 17, 2022.
             Was a Follower of Trog.
             Slain by a ball python (2 damage)
             ... on level 2 of the Dungeon.
             The game lasted 00:02:05 (224 turns).

emperorscorpion the Chopper (Meteoran Berserker)     Turns: 224, Time: 00:02:05

Health: -1/40      AC:  2    Str: 19    XL:     4   Next: 72%
Magic:  5/5        EV: 13    Int:  8    God:    Trog [*.....]
Gold:   9          SH:  0    Dex: 15    Spells: 3/3 levels left

rFire   . . .      SeeInvis .   a - +0 hand axe
rCold   . . .      Faith    .   (no shield)
rNeg    . . .      Spirit   .   b - +0 animal skin
rPois   .          Reflect  .   (no helmet)
rElec   .          Harm     .   (no cloak)
rCorr   .          Rampage  .   (no gloves)
Will    .....                   (no boots)
Stlth   +.........              (no amulet)
HPRegen 0.13/turn               (no ring)
MPRegen 0.09/turn               (no ring)

@: on berserk cooldown, slowed, glowing, very slow
A: sense surroundings 1, otherworldly, glowing, explore regen
a: Renounce Religion, Berserk


You were on level 2 of the Dungeon.
You worshipped Trog.
Trog was aware of your devotion.
You visited 1 branch of the dungeon, and saw 2 of its levels.

You collected 9 gold pieces.

Inventory:

Hand Weapons
 a - a +0 hand axe (weapon)
Missiles
 c - 7 poisoned darts (quivered)
Armour
 b - a +0 animal skin (worn)


   Skills:
 + Level 4.1 Fighting
 + Level 4.8 Axes
 + Level 2.7 Armour
 + Level 2.9 Dodging


You had 3 spell levels left.
You didn't know any spells.
Your spell library was empty.

Dungeon Overview and Level Annotations

Branches:
Dungeon (2/15) Zot: 950

Altars:


Innate Abilities, Weirdness & Mutations

You passively map a small area around you.
You are easily found by Zot.
You glow in the dark.
You regain HP and MP as you explore.


Message History

* * * LOW HITPOINT WARNING * * *
You closely miss the ball python.
The ball python is moderately wounded.
The ball python bites you.
* * * LOW HITPOINT WARNING * * *
The ball python constricts you.
* * * LOW HITPOINT WARNING * * *
Unknown command.
You hit the ball python but do no damage.
The ball python is moderately wounded.
The ball python bites you.
* * * LOW HITPOINT WARNING * * *
The ball python constricts you.
The ball python bites you but does no damage.
The ball python constricts you.
You hit the ball python.
The ball python is severely wounded.
The ball python bites you but does no damage.
The ball python constricts you.
The ball python bites you but does no damage.
The ball python constricts you.
* * * LOW HITPOINT WARNING * * *
As you read the scroll labelled UZOGIM EMEA, it crumbles to dust.
It is a scroll of identify.
You don't have any unidentified items.
The ball python barely misses you. The ball python constricts you.
The ball python bites you.
* * * LOW HITPOINT WARNING * * *
The ball python constricts you.
You hit the ball python but do no damage.
The ball python closely misses you. The ball python constricts you.
The ball python bites you.
* * * LOW HITPOINT WARNING * * *
The ball python constricts you.
* * * LOW HITPOINT WARNING * * *
You slash the ball python!
You kill the ball python!
Trog accepts your kill. The ball python bites you.
You die...

,...# #.# #......# * #.
* ##..###.#### #......#
#.. #..........#
#......# * #..
#..........### #.####.#
#...##............###.#
..
##..............#..#..#
* **# ,
....##.†...>....##.#.##
##...............#.#.#
* ##...######.###@#...#
#.#.# #..# #S###...#
###.#.# #.## #..*.....#
* ..#.#)### #.
##.......... #...#...#
#.* #.......## *
###.....###.# .......#*
...(........#
##....[..#
###.######### .....#..
#.#


You could see a ball python.

Vanquished Creatures
  A scorpion (D:2)
  A dart slug (D:2)
  A hobgoblin (D:2)
  2 ball pythons
  2 bats (D:2)
  2 kobolds (D:2)
  A rat (D:2)
10 creatures vanquished.

Notes
Turn   | Place    | Note
-------+----------+-------------------------------------------
     0 | D:1      | emperorscorpion the Meteoran Berserker began the quest for
                  | the Orb.
     0 | D:1      | Reached XP level 1. HP: 19/19 MP: 2/2
    59 | D:1      | You fall into a shaft and drop 1 floor!
    82 | D:2      | Reached XP level 2. HP: 22/26 MP: 3/3
   191 | D:2      | Noticed a scorpion
   201 | D:2      | Killed a scorpion
   202 | D:2      | Reached XP level 3. HP: 19/33 MP: 4/4
   202 | D:2      | Reached XP level 4. HP: 24/40 MP: 5/5
   223 | D:2      | HP: 2/40 [ball python (2)]
   224 | D:2      | Slain by a ball python

Illustrated notes

Levels and vault maps discovered:
D:1:      saegor_arrival_simple_a, layout_loops_ring, minmay_strange_pillars
D:2:      layout_rooms, basic_altar

Skill      XL: |  1  2 |
---------------+-------+-----
Axes           | 4 |  4.8
Fighting       | 4 |  4.1
Armour         | |  2.7
Dodging        | |  2.9

Action                   |  1- 3 |  4- 6 || total
-------------------------+-------+-------++-------
Melee: Hand axe          |    34 |    11 ||    45
Invok: Berserk           |     2 |       ||     2
  Use: Scroll            |       |     1 ||     1
Armor: Animal skin       |     7 |     5 ||    12
Dodge: Dodged            |    16 |     9 ||    25

Table legend: (Time is in decaauts)
 A = Elapsed time spent in this place.
 B = Non-inter-level travel time spent in this place.
 C = Inter-level travel time spent in this place.
 D = Time resting spent in this place.
 E = Time spent auto-exploring this place.
 F = Levels seen in this place.
 G = Mean time per level.
                   A        B        C        D        E       F      G
               +--------+--------+--------+--------+--------+-----+--------+
         Total |    248 |    237 |     11 |      0 |     53 |   2 |  124.0 |
       Dungeon |    248 |    237 |     11 |      0 |     53 |   2 |  124.0 |
               +--------+--------+--------+--------+--------+-----+--------+

Top non-repeatable levels by time:
     D:2: 127 daAuts
     D:1: 120 daAuts
